 Dungeon Crawl Stone Soup version 0.20-a0-1122-gb7cbeb9 (webtiles) character file.

29 Chaoticas the Insei (level 3, -1/27 HPs)
             Began as a Gnoll Transmuter on May 14, 2017.
             Slain by an adder (5 damage)
             ... on level 2 of the Dungeon.
             The game lasted 00:02:41 (1401 turns).

Chaoticas the Insei (Gnoll Transmuter)              Turns: 1401, Time: 00:02:41

Health: -1/27      AC:  3    Str:  9    XL:     3   Next: 16%
Magic:  7/8        EV: 13    Int: 14    God:
Gold:   146        SH:  0    Dex: 14    Spells: 6/9 levels left

rFire    . . .     SeeInvis .     - Unarmed
rCold    . . .     Gourm    .   (no shield)
rNeg     . . .     Faith    .   g - +0 leather armour
rPois    .         Spirit   .   (no helmet)
rElec    .         Reflect  .   (no cloak)
rCorr    .         Harm     .   (no gloves)
MR       .....                  (boots currently unavailable)
Stlth    +.........             (no amulet)
Regen    0.1/turn               (no ring)
MPRegen  0.2/turn               (no ring)

@: lethally poisoned (-1 -> -11), appendage
A: short attention span, fangs 1, talons 3, strong nose
a: End Transformation


You were on level 2 of the Dungeon.
You were hungry.
You had grown temporary talons.
You visited 1 branch of the dungeon, and saw 2 of its levels.

You collected 146 gold pieces.

Inventory:

Missiles
 a - 12 arrows
Armour
 b - a +0 robe
 g - a +0 leather armour (worn)
   (You found it on level 1 of the Dungeon)
Scrolls
 i - a scroll of amnesia {unknown}
 k - a scroll of identify {unknown}
Potions
 e - a potion of invisibility {unknown}
 j - a potion of lignification {unknown}
Books
 c - a book of Changes

   Spells                             Type                      Level
   a - Beastly Appendage              Transmutation                1
   b - Sticks to Snakes               Transmutation                2
   c - Spider Form                    Transmutation/Poison         3
   d - Ice Form                       Ice/Transmutation            4
   e - Blade Hands                    Transmutation                5
Comestibles
 d - 2 bread rations
 f - 3 chunks of flesh
 h - a royal jelly


   Skills:
 - Level 1.7 Fighting
 - Level 3.2 Dodging
 * Level 5.8 Unarmed Combat
 - Level 3.6 Spellcasting
 * Level 4.6 Transmutations


You had 6 spell levels left.
You knew the following spells:

 Your Spells              Type           Power        Failure   Level  Hunger
a - Beastly Appendage     Tmut           ###...       4%          1    None
b - Sticks to Snakes      Tmut           ###.....     6%          2    ##.....


Dungeon Overview and Level Annotations

Branches:
Dungeon (2/15)

Altars:
Zin


Innate Abilities, Weirdness & Mutations

You have a short attention span.
You have very sharp teeth.
Your uncanny sense of smell can sniff out nearby items.
You have claws for feet.


Message History

The adder is heavily wounded.
The adder closely misses you. The adder barely misses you.
The adder misses you. The adder barely misses you.
You hit the adder.
The adder is lightly wounded.
The adder bites you. The adder bites you but does no damage.
Casting: Beastly Appendage
Confirm with . or Enter, or press ? or * to list all spells.
Your feet morph into talons.
You are feeling hungry.
The adder bites you but does no damage.
You miss the adder. Your bite misses the adder.
The adder is lightly wounded.
The leopard gecko misses you. The adder closely misses you.
You miss the adder. Your kick misses the adder.
The adder is lightly wounded.
The leopard gecko closely misses you. The adder bites you.
You are poisoned.
The adder poisons you!
You miss the adder. Your kick misses the adder.
The adder is lightly wounded.
You feel sick. The adder bites you. The leopard gecko bites you.
The adder completely misses you.
You hit the adder. Your kick misses the adder.
The adder is moderately wounded.
The leopard gecko hisses menacingly.
The leopard gecko bites you. The adder bites you.
You closely miss the adder. You claw the adder, but do no damage.
Your bite misses the adder.
The adder is moderately wounded.
You feel sick. The leopard gecko bites you.
* * * LOW HITPOINT WARNING * * *
The adder bites you but does no damage. The leopard gecko barely misses you.
You barely miss the adder.
The adder is moderately wounded.
The adder bites you but does no damage. The leopard gecko barely misses you.
You barely miss the adder. You claw the adder. Your bite misses the adder.
The adder is heavily wounded.
The adder bites you.
* * * LOW HITPOINT WARNING * * *
You are lethally poisoned!
The adder poisons you!
The leopard gecko hisses menacingly.
The leopard gecko bites you but does no damage.
You hit the adder.
The adder is heavily wounded.
* * * LOW HITPOINT WARNING * * *
You feel sick. The adder bites you.
You die...

.# ... ##) #
#... $8∆ .#
#... $###.#
#.#.###.#..#
#.#..#....#
#.##..[Sl##
♣♣##.##..#S##
♣♣....##..l@#
♣♣.........###
♣.........##
♣.♣.....####
♣♣♣##.# #.#
###.# #.#.#
#.#.######


You could see 2 adders and 2 leopard geckos.

Vanquished Creatures
  2 bats (D:1)
  4 goblins
  3 hobgoblins (D:1)
  4 jackals (D:1)
  4 frilled lizards (D:1)
  6 kobolds (D:1)
  5 rats (D:1)
28 creatures vanquished.

Notes
Turn   | Place    | Note
-------+----------+-------------------------------------------
     0 | D:1      | Chaoticas the Gnoll Transmuter began the quest for the Orb.
     0 | D:1      | Reached XP level 1. HP: 16/16 MP: 5/5
    51 | D:1      | Reached skill level 5 in Unarmed Combat
   183 | D:1      | HP: 8/16 [kobold/whip (5)]
   196 | D:1      | HP: 5/16 [kobold/club (3)]
   203 | D:1      | HP: 4/16 [kobold/club (1)]
   205 | D:1      | Reached skill level 4 in Transmutations
   205 | D:1      | Reached XP level 2. HP: 5/22 MP: 4/6
   494 | D:1      | Learned a level 2 spell: Sticks to Snakes
   841 | D:1      | Reached XP level 3. HP: 27/27 MP: 6/8
  1312 | D:2      | Found a glowing silver altar of Zin.
  1398 | D:2      | HP: 10/27 [leopard gecko (5)]
  1401 | D:2      | HP: 4/27 [poisoned by an adder]
  1401 | D:2      | Slain by an adder

Vault maps used:
D:1:      lightli_arrival_statue_moat, minmay_misc_feat_secret_circle,
          kennysheep_another_room, serial_bayou_pond_e
D:2:      nicolae_overflow_hidden_temple, nicolae_overflow_crystal_walls,
          lemuel_crystal_altar, chequers_ecumenical_altar_island,
          minmay_pentomino_x4, uniq_crazy_yiuf_cottage

Skill      XL: |  1 |
---------------+----+-----
Unarmed Combat | 5 |  5.8
Transmutations | 4 |  4.6
Fighting       | |  1.7
Dodging        | |  3.2
Spellcasting   | |  3.6

Action                   || total
-------------------------++-------
Melee: Unarmed           ||    82
       Bite              ||     6
       Headbutt          ||     4
       Kick              ||     3
       Punch             ||     2
 Cast: Beastly Appendage ||    10
  Eat: Chunk             ||     1
Armor: Robe              ||     2
       Leather armour    ||    10
Dodge: Dodged            ||    53
